 Dungeon Crawl Stone Soup version 0.25-a0-504-g768f60da87 (webtiles) character file.

Game seed: 5610769846469058437, levelgen mode: deterministic

72 Eurus the Conjurer (level 4, 0/32 HPs)
             Began as a Mummy Conjurer on Feb 14, 2020.
             Slain by a goblin
             ... wielding a +0 club
             ... led by Robin
              (4 damage)
             ... on level 4 of the Dungeon.
             The game lasted 00:04:53 (2661 turns).

Eurus the Conjurer (Mummy Conjurer)                 Turns: 2661, Time: 00:04:54

Health: 0/32       AC:  2    Str: 11    XL:     4   Next: 7%
Magic:  9/9        EV: 12    Int: 15    God:
Gold:   75         SH:  0    Dex: 12    Spells: 7/10 levels left

rFire    x . .     SeeInvis .   l - +3 short sword
rCold    + . .     Gourm    .   (no shield)
rNeg     + + +     Faith    .   a - +0 robe
rPois    ∞         Spirit   .   (no helmet)
rElec    .         Reflect  .   (no cloak)
rCorr    .         Harm     .   (no gloves)
MR       .....                  (no boots)
Stlth    ++........             (no amulet)
HPRegen  0.10/turn              (no ring)
MPRegen  0.11/turn              (no ring)

@: no status effects
A: no food or potions, fire vulnerability, cold resistance 1, negative energy
resistance 3, torment resistance, unbreathing
a: no special abilities


You were on level 4 of the Dungeon.
You were not hungry.

You visited 1 branch of the dungeon, and saw 4 of its levels.

You collected 75 gold pieces.

Inventory:

Hand Weapons
 f - a +1 dagger of venom
 l - a +3 short sword (weapon)
Armour
 a - a +0 robe (worn)
Scrolls
 b - 2 scrolls of teleportation {unknown}
 c - a scroll of magic mapping {unknown}
 e - a scroll of enchant armour {unknown}
 g - a scroll of immolation {unknown}
 h - a scroll of enchant weapon {unknown}
 i - a scroll of identify {unknown}
 j - 3 scrolls of remove curse {unknown}
 k - a scroll of fog {unknown}


   Skills:
 + Level 1.6 Fighting
 - Level 1.5 Dodging
 - Level 1.5 Stealth
 + Level 3.6 Spellcasting
 * Level 4.0 Conjurations


You had 7 spell levels left.
You knew the following spells:

 Your Spells              Type           Power        Failure   Level  Hunger
a - Magic Dart            Conj           ##..         3%          1    N/A
b - Searing Ray           Conj           ##....       5%          2    N/A

Your spell library contained the following spells:

 Spells                   Type           Power        Failure   Level  Hunger
 Dazzling Flash           Conj/Hex       #.....       24%         3    N/A
 Fulminant Prism          Conj/Hex       #.........   63%         4    N/A
 Iskenderun's Mystic Bla  Conj/Tloc      #.......     63%         4    N/A

Dungeon Overview and Level Annotations

Branches:
Dungeon (4/15)
 Temple: D:4-7

Altars:
Dithmenos
Makhleb
Qazlal
Zin

Shops:
D:2 *

Annotations:
D:4 Robin


Innate Abilities, Weirdness & Mutations

You do not eat or drink.
Your flesh is vulnerable to fire.
You are immune to poison.
Your flesh is cold resistant. (rC+)
You are immune to negative energy. (rN+++)
You are immune to unholy pain and torment.
You can survive without breathing.


Message History

The goblin shouts!
You hear a shout!
The hobgoblin shouts!
Robin of the Strong Arm comes into view.
They are wielding a +0 club.
A goblin comes into view.
Robin roars a battlecry!
The goblins go into a battle-frenzy!
A hobgoblin comes into view.
A goblin comes into view.
A goblin comes into view. It is wielding a +0 dagger.
Robin throws the goblin at you!
A goblin comes into view.
The goblin shouts!
You hit the goblin but do no damage. The ogre completely misses you.
The goblin hits you. The goblin hits you with a +0 club!
* * * LOW HITPOINT WARNING * * *
A goblin comes into view. It is wielding a +0 dagger.
The goblin hits you but does no damage.
You barely miss the goblin. The goblin misses you. The goblin hits you.
* * * LOW HITPOINT WARNING * * *
The ogre barely misses you. The goblin hits you with a +0 club.
You die...

#.....g. #..g....
##...g...
.......g#
......gg#
......g.#
......gg#
......g@##
+###..gO.#
#..oo.# #.....#
#.....# #.o.(.#
#.....# #.....#
########+##.....#


You could see an ogre, Robin, 2 orc priests, an orc, 2 hobgoblins and 8 goblins.

Vanquished Creatures
  An adder (D:2)
  3 dart slugs
  3 leopard geckos
  3 orcs (D:3)
  4 bats
  2 giant cockroaches (D:1)
  5 goblins (D:1)
  7 hobgoblins
  7 jackals
  2 ball pythons
  A frilled lizard (D:1)
  4 kobolds
  5 rats
47 creatures vanquished.

Notes
Turn   | Place    | Note
-------+----------+-------------------------------------------
     0 | D:1      | Eurus the Mummy Conjurer began the quest for the Orb.
     0 | D:1      | Reached XP level 1. HP: 13/13 MP: 4/4
   382 | D:1      | Reached XP level 2. HP: 20/20 MP: 0/5
   386 | D:1      | Learned a level 2 spell: Searing Ray
   744 | D:1      | Reached skill level 1 in Fighting
   893 | D:1      | Reached XP level 3. HP: 26/26 MP: 3/7
  1433 | D:2      | Found a shadowy altar of Dithmenos.
  1872 | D:2      | Found a stormy altar of Qazlal.
  2186 | D:2      | Found Zin's Purification Station.
  2196 | D:2      | Reached skill level 4 in Conjurations
  2240 | D:2      | Found a glowing silver altar of Zin.
  2315 | D:2      | Found a burning altar of Makhleb.
  2561 | D:3      | Reached XP level 4. HP: 32/32 MP: 6/9
  2632 | D:3      | You fall into a shaft and drop 1 floor!
  2640 | D:4      | Noticed an ogre
  2657 | D:4      | Noticed Robin
  2661 | D:4      | Slain by a goblin

Levels and vault maps discovered:
D:1:      dpeg_arrival_round_b, layout_basic, nrook_loot_triangle
D:2:      layout_basic, grunt_qazlal_sundering, bloody_makhleb, zin_purify,
          nicolae_overflow_hidden_temple, chequers_serial_rivers_micro_e
D:3:      layout_basic, vehumet_crystals, uniq_natasha, uniq_grinder
D:4:      layout_gridville, minmay_temple_entry_statues_pillars, first_ration,
          uniq_robin

Skill      XL: |  1  2  3 |
---------------+----------+-----
Spellcasting   | 3 |  3.6
Fighting       | 1 |  1.6
Conjurations   | 4 |  4.0
Dodging        | |  1.5
Stealth        | |  1.5

Action                   |  1- 3 |  4- 6 || total
-------------------------+-------+-------++-------
Melee: Club              |    11 |       ||    11
       Dagger            |    12 |       ||    12
       Short sword       |    31 |     2 ||    33
 Cast: Magic Dart        |    69 |     1 ||    70
       Searing Ray       |     5 |       ||     5
 Stab: Sleeping          |     1 |       ||     1
Armor: Robe              |    11 |     2 ||    13
Dodge: Dodged            |    41 |     5 ||    46

Table legend:
 A = Non-vault XP
 B = Vault XP
 C = Vault XP percentage of total XP
 D = Non-vault monster count
 E = Vault monster count
 F = Vault count percentage of total count
                 A         B        C        D         E       F
            +---------+---------+-------+---------+---------+-------
      Total |     104 |       0 |   0.0 |      47 |       0 |   0.0
            +---------+---------+-------+---------+---------+-------
        D:1 |      50 |       0 |   0.0 |      26 |       0 |   0.0
        D:2 |      45 |       0 |   0.0 |      18 |       0 |   0.0
        D:3 |       9 |       0 |   0.0 |       3 |       0 |   0.0
            +---------+---------+-------+---------+---------+-------
